AoeStats
← Lobo Gélido

Arabia

510358475Analyzed
1v1 RM · 1d ago on Sep 30, 2026· 41m 21s· 2 players
Game mode
Random Map
Map size
Tiny (2 player)
Population
200
Speed
Normal
Resources
Standard
Victory
Conquest
Starting age
Dark Age
Ending age
Imperial Age
RankedLock teamsTeams togetherTeam positionsShared explorationLock speedFull tech treeHidden civsTurbo modeCheats
Victory
Defeat
🇵🇪 Aztecs · Peru
1032
+16
🇩🇪 Maya · Germany
1034
-16
Lobo Gélido
3:37 Loom
11:25 Feudal Age
13:55 Double-Bit Axe
17:00 Castle Age
15:18 Scale Mail Armor
15:57 Horse Collar
22:00 Forging
23:05 Wheelbarrow
22:31 Stone Mining
26:15 Gold Mining
30:49 Imperial Age
29:31 Eagle Warrior
30:37 Bow Saw
30:28 Heavy Plow
30:48 Hand Cart
33:10 Conscription
33:22 Chain Mail Armor
33:38 Elite Eagle Warrior
34:43 Squires
35:16 Plate Mail Armor
35:53 Crop Rotation
36:15 Iron Casting
36:45 Garland Wars
37:21 Gold Shaft Mining
38:14 Blast Furnace
37:05 Arson
Tonio
0:28 Loom
10:06 Feudal Age
10:42 Double-Bit Axe
19:10 Castle Age
18:58 Horse Collar
19:23 Gold Mining
19:37 Fletching
19:49 Padded Archer Armor
20:43 Bow Saw
20:34 Heavy Plow
20:07 Crossbowman
20:44 Bodkin Arrow
22:50 Wheelbarrow
24:57 Ballistics
29:04 Hand Cart
30:41 Leather Archer Armor
30:38 Thumb Ring
31:29 Stone Mining
35:39 Imperial Age
33:00 Town Watch
33:36 Scale Mail Armor
33:16 Eagle Warrior
35:01 Chain Mail Armor
34:53 Squires
34:38 Arson
36:25 Town Patrol
36:42 Bracer
37:45 Chemistry
37:19 Ring Archer Armor
36:18 Arbalester
37:55 Conscription
38:21 Plate Mail Armor
41:25 Masonry
41:13 Murder Holes
Connection lost

Rejoining the realm…

Still unreachable

The connection could not be restored.

Session expired

The server has moved on; the page needs a fresh start.